 Dungeon Crawl Stone Soup version 0.20.0-15-g7f486f2 (webtiles) character file.

175 polve the Slasher (level 5, -2/41 HPs)
             Began as a Demonspawn Abyssal Knight on June 30, 2017.
             Was a Believer of Lugonu.
             Slain by Grinder (9 damage)
             ... on level 3 of the Dungeon.
             The game lasted 00:04:23 (4363 turns).

polve the Slasher (Demonspawn Abyssal Knight)       Turns: 4363, Time: 00:04:24

Health: -2/41      AC:  3    Str: 11 (13) XL:     5   Next: 29%
Magic:  6/6        EV: 11    Int: 12 (13) God:    Lugonu [**....]
Gold:   129        SH:  0    Dex: 12 (13) Spells: 4/4 levels left

rFire    + . .     SeeInvis .   a - +1 falchion
rCold    + . .     Gourm    .   (no shield)
rNeg     . . .     Faith    .   b - +0 leather armour
rPois    .         Spirit   .   (helmet restricted)
rElec    .         Reflect  .   f - scarf {rC+ rF+}
rCorr    .         Harm     .   (no gloves)
MR       .....                  (no boots)
Stlth    +.........             (no amulet)
Regen    0.2/turn               (no ring)
MPRegen  0.1/turn               (no ring)

@: no status effects
A: horns 1, demonic guardian 1, powered by pain 1
a: Depart the Abyss, Bend Space, Renounce Religion


You were on level 3 of the Dungeon.
You worshipped Lugonu.
Lugonu was pleased with you.
You were not hungry.

You visited 1 branch of the dungeon, and saw 3 of its levels.
You visited the Abyss 1 time.

You collected 129 gold pieces.

Inventory:

Hand Weapons
 a - a +1 falchion (weapon)
Armour
 b - a +0 leather armour (worn)
 f - a scarf of resistance (worn)
Wands
 k - a wand of paralysis (14/24)
Scrolls
 d - a scroll of enchant weapon {unknown}
 e - a scroll of remove curse {unknown}
 j - 2 scrolls of recharging {unknown}
 l - 4 scrolls of blinking {unknown}
 o - a scroll of teleportation {unknown}
 r - a scroll of fog {unknown}
 s - a scroll of immolation {unknown}
 t - 3 scrolls of magic mapping {unknown}
 v - 4 scrolls of identify {unknown}
Potions
 h - 2 potions of curing
 i - 2 potions of haste
 p - a potion of lignification {unknown}
 u - a potion of flight {unknown}
Comestibles
 c - 2 bread rations
 g - 2 royal jellies
 m - a meat ration
 q - 3 fruits


   Skills:
 - Level 3.0 Fighting
 + Level 5.1 Long Blades
 - Level 1.7 Armour
 - Level 0.8 Dodging
 - Level 2.4 Invocations


You had 4 spell levels left.
You didn't know any spells.

Dungeon Overview and Level Annotations

Branches:
Dungeon (3/15)

Altars:
Kikubaaqudgha
Uskayaw

Annotations:
D:3 Grinder


Innate Abilities, Weirdness & Mutations

You have a pair of small horns on your head.
A weak demonic guardian rushes to your aid.
You sometimes gain a little power by taking damage.


Message History

The adder misses your quasit.
There is a stone staircase leading down here.
Your quasit disappears in a puff of smoke!
The adder hisses angrily.
The adder completely misses you.
An adder is nearby!
You closely miss the adder.
The adder is heavily wounded.
The adder closely misses you.
You hit the adder.
You kill the adder!
Lugonu accepts your kill.
Grinder grins, showing sharp teeth.
Grinder blinks!
Grinder blinks!
Grinder gestures at you. Pain shoots through your body!
* * * LOW HITPOINT WARNING * * *
Grinder hits you!
You die...

....# #...........### ....#
#.#.####..#.# ....# # #..#.#
....# #.#.####..#.# ....#
#.#.......### ....# #.######..##
##### #.# ####...# ###### #.#
#.....5#########....# #.#
####.#@5.........##.#
.######.######.###########.##.###
...........))....................
##########################'##....
...........### ...........#
...........# ...........#
...........#


You could see Grinder and a friendly ufetubus.

Vanquished Creatures
  Terence (D:3)
  Robin (D:3)
  3 adders
  4 gnolls (D:2)
  An ooze (D:1)
  2 worms
  2 leopard geckos
  An orc (D:3)
  6 bats
  3 giant cockroaches (D:1)
  11 goblins
  13 hobgoblins
  3 jackals (D:1)
  2 quokkas
  4 frilled lizards
  8 kobolds
  7 rats
72 creatures vanquished.

Vanquished Creatures (collateral kills)
  A dart slug (D:3)
  2 goblins (D:3)
  A hobgoblin (D:3)
4 creatures vanquished.

Grand Total: 76 creatures vanquished

Notes
Turn   | Place    | Note
-------+----------+-------------------------------------------
     0 | Abyss:1  | polve the Demonspawn Abyssal Knight began the quest for the Orb.
     0 | Abyss:1  | Reached XP level 1. HP: 18/18 MP: 2/2
    58 | Abyss:1  | Found a corrupted altar of Lugonu.
   190 | Abyss:1  | Found a corrupted altar of Lugonu.
   357 | Abyss:1  | Noticed a vampire
   363 | D:1      | Escaped the Abyss
   444 | D:1      | Reached skill level 2 in Long Blades
   576 | D:1      | Reached * piety under Lugonu
   576 | D:1      | Gained mutation: You have a pair of small horns on your head. [demonic ancestry]
   576 | D:1      | Reached XP level 2. HP: 11/24 MP: 3/3
  1317 | D:1      | Reached skill level 3 in Long Blades
  1680 | D:1      | Gained mutation: A weak demonic guardian rushes to your aid. [demonic ancestry]
  1680 | D:1      | Reached XP level 3. HP: 29/29 MP: 4/4
  2247 | D:2      | Found a hide-covered altar of Uskayaw.
  2494 | D:2      | Found an ancient bone altar of Kikubaaqudgha.
  2530 | D:2      | Reached ** piety under Lugonu
  2629 | D:2      | Reached XP level 4. HP: 17/35 MP: 5/5
  2829 | D:2      | Reached skill level 4 in Long Blades
  3159 | D:3      | Noticed Robin
  3196 | D:3      | Killed Robin
  3552 | D:3      | Noticed Terence
  3563 | D:3      | Killed Terence
  3563 | D:3      | Gained mutation: You sometimes gain a little power by taking damage. [demonic ancestry]
  3563 | D:3      | Reached XP level 5. HP: 11/41 MP: 6/6
  3913 | D:3      | Reached skill level 5 in Long Blades
  4314 | D:3      | Noticed Grinder
  4363 | D:3      | Slain by Grinder

Skill      XL: |  1  2  3  4  5 |
---------------+----------------+-----
Long Blades    | 2 3 4 5 |  5.1
Fighting       | |  3.0
Armour         | |  1.7
Dodging        | |  0.8
Invocations    | |  2.4

Action                   |  1- 3 |  4- 6 || total
-------------------------+-------+-------++-------
Melee: Falchion          |   102 |    95 ||   197
       Headbutt          |     8 |    13 ||    21
Invok: Depart the Abyss  |     1 |       ||     1
  Use: Potion            |       |     7 ||     7
  Eat: Chunk             |     5 |     6 ||    11
Armor: Leather armour    |    30 |    22 ||    52
Dodge: Dodged            |    77 |    43 ||   120
       Rpst.: Falchion   |    24 |    13 ||    37
